 Dungeon Crawl Stone Soup version 0.31.0-12-g77e489cdc1 (webtiles) character file.

Game seed: 13106705703411985139

90 Edyrem the Poker (level 4, 0/55 HPs)
             Began as a Merfolk Berserker on Feb 27, 2024.
             Was a Believer of Trog.
             Slain by an orc
             ... wielding a +2 whip of electrocution
              (20 damage)
             ... on level 3 of the Dungeon.
             The game lasted 00:03:07 (1535 turns).

Edyrem the Poker (Merfolk Berserker)                Turns: 1535, Time: 00:03:08

Health: 0/55       AC:  5    Str: 19    XL:     4   Next: 56%
Magic:  4/4        EV: 12    Int:  6    God:    Trog [**....]
Gold:   165        SH:  0    Dex: 13    Spells: 3/3 levels left

rFire   . . .        a - +0 spear
rCold   . . .        (no shield)
rNeg    . . .        d - +0 ring mail
rPois   .            (no helmet)
rElec   .            (no cloak)
rCorr   .            (no gloves)
SInv    .            (no boots)
Will    ++...        (no amulet) Stlth
                     (no ring)
HPRegen 1.29/turn    (no ring)
MPRegen 0.09/turn

%: no passive effects
@: berserking, strong-willed, regenerating, very quick
A: (nimble swimmer 2), mertail
a: Renounce Religion, Berserk, Trog's Hand


You were on level 3 of the Dungeon.
You worshipped Trog.
Trog was pleased with you.
You visited 1 branch of the dungeon, and saw 3 of its levels.

You collected 165 gold pieces.

Inventory:

Hand Weapons
 a - a +0 spear (weapon)
Missiles
 j - a throwing net (quivered)
Armour
 b - a +0 animal skin
 d - a +0 ring mail (worn)
Scrolls
 c - a scroll of teleportation {unknown}
 g - 2 scrolls of identify {unknown}
 i - a scroll of immolation {unknown}
Potions
 e - a potion of might {unknown}
 f - a potion of curing {unknown}
 h - a potion of mutation {unknown}


   Skills:
 + Level 4.0 Fighting
 * Level 5.6 Polearms
 - Level 1.3 Armour
 + Level 3.8 Dodging


You had 3 spell levels left.
You didn't know any spells.
Your spell library was empty.

Dungeon Overview and Level Annotations

Branches:
Dungeon (3/15)

Altars:


Innate Abilities, Weirdness & Mutations

((You are very nimble when in or above water. (Stealth+, EV+, Speed+++)))
Your lower body shifts to a powerful aquatic tail in water.


Message History

The ribbon worm bites you. The orc wizard barely misses you.
The orc hits you but does no damage.
You closely miss the ribbon worm.
The ribbon worm is heavily wounded.
The ribbon worm bites you.
You're too confused to move!
The orc wizard misses you. The orc barely misses you.
The orc closely misses you.
You're too confused to move!
You feel less confused. The orc hits you but does no damage.
The orc wizard hits you with a +0 dagger.
The orc hits you but does no damage. The orc hits you with a +0 club.
The ribbon worm barely misses you.
Your skin crawls.
You feel strong-willed. The orc closely misses you.
The orc wizard closely misses you. The orc barely misses you.
The orc misses you. The ribbon worm barely misses you.
A red film seems to cover your vision as you go berserk!
You feel yourself moving faster!
You feel mighty!
The orc wizard hits you with a +0 dagger.
The orc hits you with a +0 dagger. The orc barely misses you.
The orc hits you with a +0 club. The ribbon worm bites you.
You puncture the ribbon worm!
The ribbon worm is almost dead.
The orc misses you.
The orc wizard hits you but does no damage.
The orc hits you but does no damage. The orc closely misses you.
You puncture the ribbon worm!
You kill the ribbon worm!
Trog accepts your kill.
You barely miss the orc wizard. The orc hits you but does no damage.
The orc wizard hits you but does no damage.
The orc completely misses you.
You completely miss the orc.
The orc wizard hits you with a +0 dagger.
The orc hits you but does no damage.
The orc hits you with a +2 whip of electrocution.
You are electrocuted!!
You die...

...............
...............
......>........
...............
..)...........#
#.............#
..............#
#.oo......#
#oo@......#
..$.J.oo.......
.%...o#....###.
....###..###
.... #..# ..#
#..# #. ..##
..#


You could see an orc wizard, 6 orcs and an endoplasm.

Vanquished Creatures
  2 adders (D:2)
  A dart slug (D:1)
  2 ribbon worms
  9 ball pythons
  5 bats
  3 endoplasms
  4 giant cockroaches
  7 goblins
  7 hobgoblins
  5 quokkas
  A frilled lizard (D:1)
  5 kobolds
  7 rats
58 creatures vanquished.

Notes
Turn   | Place    | Note
-------+----------+-------------------------------------------
     0 | D:1      | Edyrem the Merfolk Berserker began the quest for the Orb.
     0 | D:1      | Reached XP level 1. HP: 18/18 MP: 1/1
   162 | D:1      | Reached XP level 2. HP: 23/24 MP: 2/2
   453 | D:1      | Reached XP level 3. HP: 28/29 MP: 3/3
   514 | D:1      | Reached ** piety under Trog
   557 | D:1      | Reached skill level 5 in Polearms
  1010 | D:2      | Reached XP level 4. HP: 31/37 MP: 4/4
  1535 | D:3      | Slain by an orc

Illustrated notes

Levels and vault maps discovered:
D:1:      eino_arrival_cavern_b, layout_rooms, minmay_shallow_snake_nest
D:2:      layout_basic
D:3:      layout_rooms, mainiacjoe_overflow_concentric_impassable, zin_angel,
          serial_shops, shop, gammafunk_ghost_gnarly_gnolls

Skill      XL: |  1  2  3  4 |
---------------+-------------+-----
Dodging        | 3 |  3.8
Polearms       | 5 |  5.6
Fighting       | 4 |  4.0
Armour         | |  1.3

Action                     |  1- 3 |  4- 6 || total
---------------------------+-------+-------++-------
  Melee: Spear             |   143 |    72 ||   215
 Invoke: Berserk           |       |     1 ||     1
         Trog's Hand       |       |     1 ||     1
   Stab: Sleeping          |     2 |       ||     2
 Armour: Animal skin       |    27 |       ||    27
         Ring mail         |    37 |    34 ||    71
  Dodge: Dodged            |    76 |    43 ||   119
